 Dungeon Crawl Stone Soup version 0.20.1-1-g8b1a95d66d (webtiles) character file.

373 Jannitor the Ducker (level 6, -1/38 HPs)
             Began as a Deep Elf Chaos Knight on Dec 16, 2017.
             Killed from afar by an orc wizard (8 damage)
             ... with a puff of flame
             ... on level 5 of the Dungeon.
             The game lasted 00:08:48 (4611 turns).

Jannitor the Ducker (Deep Elf Chaos Knight)         Turns: 4611, Time: 00:08:48

Health: -1/38      AC:  4    Str:  9    XL:     6   Next: 43%
Magic:  8/8        EV: 14    Int: 17    God:    Xom [......]
Gold:   139        SH:  0    Dex: 14    Spells: 5/5 levels left

rFire    . . .     SeeInvis .   a - +0 short sword (chaos)
rCold    . . .     Gourm    .   (no shield)
rNeg     . . .     Faith    .   b - +3 leather armour
rPois    .         Spirit   .   (no helmet)
rElec    .         Reflect  .   (no cloak)
rCorr    .         Harm     .   v - +0 pair of gloves
MR       .....                  i - +0 pair of boots
Stlth    +.........             (no amulet)
Regen    0.2/turn               (no ring)
MPRegen  0.2/turn               (no ring)

@: corroded
A: clumsy 1, MP-powered wands
a: Renounce Religion


You were on level 5 of the Dungeon.
You worshipped Xom.
You were a very special plaything of Xom.
You were near starving.

You visited 1 branch of the dungeon, and saw 5 of its levels.

You collected 139 gold pieces.

Inventory:

Hand Weapons
 a - a +0 short sword of chaos (weapon)
Armour
 b - a +3 leather armour (worn)
 i - a +0 pair of boots (worn)
 v - a +0 pair of gloves (worn)
Jewellery
 e - an uncursed ring of ice
Scrolls
 d - a scroll of amnesia
 f - 6 scrolls of identify
 g - a scroll of recharging
 h - a scroll of fear
 k - a scroll of random uselessness {unknown}
 o - 5 scrolls of remove curse
 p - 3 scrolls of magic mapping
 s - 2 scrolls of teleportation
Potions
 m - a potion of brilliance
Comestibles
 c - 2 bread rations
 j - a meat ration
 r - 3 royal jellies
 t - 4 fruits


   Skills:
 + Level 4.0 Fighting
 + Level 4.6 Short Blades
 - Level 0.7 Armour
 + Level 5.3 Dodging


You had 5 spell levels left.
You didn't know any spells.

Dungeon Overview and Level Annotations

Branches:
Dungeon (5/15)             Temple (0/1) D:4

Altars:
Ashenzari
Fedhas
Ru
Trog


Innate Abilities, Weirdness & Mutations

You are clumsy. (Dex -2)
You expend magic power (3 MP) to strengthen your wands.


Message History

You are too injured to fight recklessly!
You hit the jelly.
Your hands burn!
The jelly is severely wounded.
The jelly closely misses you.
An orc wizard comes into view. It is wielding a dagger.
The orc wizard shouts!
You hit the jelly but do no damage.
Your hands burn!
* * * LOW HITPOINT WARNING * * *
The jelly is severely wounded.
The jelly misses you.
You hit the jelly.
You kill the jelly!
The orc barely misses you. The orc hits you.
* * * LOW HITPOINT WARNING * * *
An orc comes into view. It is wielding a short sword.
The orc shouts!
The orc wizard casts a spell at you. The puff of flame hits you!
You die...

###.#..#..<###
#..#.....##
##.#.....## ##
##...o....# #.
#...###...# #.
#..## #...# #.
##o## #...#
#.##..# #...#
#.@.o.# ...#
#..#..## .#
#.....#
#.......#
#.......#
#.......#
#########


You could see an orc wizard and 2 orcs.

Vanquished Creatures
  A jelly (D:5)
  2 hounds (D:4)
  3 worker ants (D:4)
  A worker ant zombie (D:5)
  4 gnolls (D:3)
  8 adders
  A worm (shapeshifter) (D:4)
  A worm (D:2)
  4 dart slugs
  2 leopard geckos
  3 orcs (D:3)
  7 bats
  2 giant cockroaches
  9 goblins
  4 hobgoblins
  9 jackals
  5 kobolds
  4 quokkas
  4 frilled lizards
  13 rats
87 creatures vanquished.

Vanquished Creatures (others)
  Sigmund (D:4)
  A giant cockroach (D:4)
  A frilled lizard (D:4)
3 creatures vanquished.

Grand Total: 90 creatures vanquished

Notes
Turn   | Place    | Note
-------+----------+-------------------------------------------
     0 | D:1      | Jannitor the Deep Elf Chaos Knight began the quest for the Orb.
     0 | D:1      | Reached XP level 1. HP: 13/13 MP: 3/3
    83 | D:1      | XOM: silly message
    86 | D:1      | Found a shattered altar of Ashenzari.
   108 | D:1      | XOM: medium Erth miscast
   448 | D:1      | Reached XP level 2. HP: 18/18 MP: 4/4
  1146 | D:2      | XOM: stealth player
  1200 | D:1      | XOM: divination: detect creatures
  1248 | D:1      | Reached XP level 3. HP: 18/22 MP: 5/5
  1363 | D:2      | XOM: divination: magic mapping
  1383 | D:2      | Reached skill level 3 in Dodging
  1637 | D:2      | Found a blossoming altar of Fedhas.
  1702 | D:2      | XOM: butterfly on damage
  1705 | D:2      | Reached XP level 4. HP: 15/28 MP: 6/6
  1915 | D:2      | XOM: god gift: 2 pink potions {god gift}
  2153 | D:3      | XOM: summons friendly crimson imp
  2520 | D:3      | Reached skill level 4 in Dodging
  2751 | D:3      | Reached XP level 5. HP: 32/32 MP: 7/7
  2758 | D:3      | XOM: butterfly on damage
  3371 | D:4      | Found a bloodstained altar of Trog.
  3371 | D:4      | XOM: give mutation
  3371 | D:4      | Gained mutation: You expend magic power (3 MP) to strengthen your wands. [Xom's mischief]
  3388 | D:4      | Noticed a fire bat
  3388 | D:4      | a big kobold changed into a fire bat
  3392 | D:4      | a fire bat changed into a worm
  3442 | D:4      | Found a sacrificial altar of Ru.
  3442 | D:4      | XOM: 1-stop teleportation journey
  3621 | D:4      | XOM: fog
  3668 | D:4      | XOM: divination: detect items
  3818 | D:4      | XOM: divination: detect creatures
  3822 | D:4      | XOM: enchant monster (bad)
  3831 | D:4      | Reached skill level 5 in Dodging
  3831 | D:4      | Reached XP level 6. HP: 25/38 MP: 8/8
  4165 | D:4      | Noticed Sigmund
  4229 | D:4      | XOM: enchant monster (bad)
  4237 | D:4      | XOM: potion effect (invisibility)
  4382 | D:4      | Killed Sigmund
  4468 | D:4      | Found a staircase to the Ecumenical Temple.
  4479 | D:4      | XOM: give mutation
  4479 | D:4      | Gained mutation: You are clumsy. (Dex -2) [Xom's mischief]
  4502 | D:5      | Entered Level 5 of the Dungeon
  4611 | D:5      | Killed from afar by an orc wizard

Skill      XL: |  1  2  3  4  5  6 |
---------------+-------------------+-----
Dodging        | 3 4 5 |  5.3
Fighting       | 3 4 |  4.0
Short Blades   | 4 |  4.6
Armour         | |  0.7

Action                   |  1- 3 |  4- 6 || total
-------------------------+-------+-------++-------
Melee: Short sword       |   153 |   202 ||   355
  Use: Potion            |     1 |     4 ||     5
       Scroll            |       |    11 ||    11
 Stab: Petrified         |     1 |       ||     1
       Paralysed         |     2 |     2 ||     4
       Sleeping          |     1 |     1 ||     2
       Confused          |       |     4 ||     4
       Petrifying        |       |     1 ||     1
  Eat: Chunk             |     3 |     7 ||    10
Armor: Leather armour    |    68 |    68 ||   136
Dodge: Dodged            |   113 |   121 ||   234
